 Dungeon Sprint DCSS version 0.17-a0-2147-gfb20a63 (webtiles) character file.

46964740 esc the Conqueror (level 22, 157/212 HPs)
             Began as a Demonspawn Gladiator on Oct 24, 2015.
             Was a High Priest of Okawaru.
             Escaped with the Orb
             ... and 9 runes!
             The game lasted 01:16:05 (10974 turns).

esc the Conqueror (Demonspawn Gladiator)           Turns: 10974, Time: 01:16:05

Health: 157/212    AC: 39    Str: 15    XL:     22   Next: 34%
Magic:  36/36      EV: 41    Int: 16    God:    Okawaru [*****.]
Gold:   810        SH: 14    Dex: 37    Spells: 0 memorised, 49 levels left

rFire  + + .     SeeInvis +     y - +12 demon trident of Rubbish {drain, Str-2 Dex+7}
rCold  + + .     Clarity  .     M - +7 fire dragon armour {rF++, rC-}
rNeg   + . .     SustAt   .     C - +0 buckler of Broken Taboos {rN+ Int+3 Dex+6 Stlth-}
rPois  +         Gourm    .     (helmet unavailable)
rElec  +         Spirit   .     V - +2 cloak
rCorr  .         Warding  .     Q - +0 pair of gloves {archery}
rMut   .         NoTele   +     B - +2 pair of boots {run}
MR     +....                    L - amulet "Aqaesid" {rElec rC++ Regen+ Int+3}
Stlth  ++........               Z - ring "Zifam" {rPois Str+2 SInv}
                                s - +4 ring of protection

@: very slightly contaminated, repel missiles, quick, somewhat resistant to
hostile enchantments, unstealthy
A: antennae 3, talons 1, repulsion field 3, cold resistance 1, foul stench 1,
low mp 1, powered by pain 3, rot immunity, freezing cloud immunity, subdued
magic 1
a: Heroism, Finesse, Renounce Religion
0: Orb of Zot
}: 9/15 runes: decaying, serpentine, barnacled, slimy, elven, silver, golden,
abyssal, gossamer


You escaped.
You worshipped Okawaru.
Okawaru was extremely pleased with you.
You were not hungry.

You visited 1 branch You collected 1939 gold pieces.
You spent 1129 gold pieces at shops.

Inventory:

Hand Weapons
 y - the +12 demon trident of Rubbish (weapon) {drain, Str-2 Dex+7}
   (Okawaru gifted it to you in the Dungeon)

   A truly terrible weapon, it drains the life of those it strikes.
   It affects your strength (-2).
   It affects your dexterity (+7).
 J - a +0 blowgun
   (You took it off Sonja in the Dungeon)
Missiles
 a - 7 tomahawks of dispersal {=f}
 d - 8 throwing nets {=f, !d}
 q - 5 silver javelins (quivered)
 r - 3 steel tomahawks
 A - 4 poisoned javelins
 I - 5 curare-tipped needles
 K - 41 javelins of penetration
 N - 18 poisoned needles
 O - 8 javelins of returning
 Y - 27 steel javelins
Armour
 m - a +1 hat of magic resistance
   (Okawaru gifted it to you in the Dungeon)
 B - a +2 pair of boots of running (worn)
   (Okawaru gifted it to you in the Dungeon)
 C - the +0 buckler of Broken Taboos (worn) {rN+ Int+3 Dex+6 Stlth-}
   (Okawaru gifted it to you in the Dungeon)

   It affects your intelligence (+3).
   It affects your dexterity (+6).
   It protects you from negative energy.
   It makes you less stealthy.
 M - a +7 fire dragon armour (worn) {rF++, rC-}
   (You found it in the Dungeon)
 Q - a +0 pair of gloves of archery (worn)
   (Okawaru gifted it to you in the Dungeon)
 S - a +0 large shield of reflection
   (Okawaru gifted it to you in the Dungeon)
 V - a +2 cloak (worn)
   (You took it off a draconian monk in the Dungeon)
Magical Staves
 o - an uncursed staff of energy {@w1+MP, hungerless spells, !d!a}
   (You found it in the Dungeon)
Rods
 R - a -2 rod of clouds (14/14) {!a}
   (You found it in the Dungeon)
Jewellery
 s - a +4 ring of protection (left hand)
   (You found it in the Dungeon)
 L - the amulet "Aqaesid" (around neck) {rElec rC++ Regen+ Int+3}
   (You bought it in a shop in the Dungeon)

   [amulet of regeneration]

   It affects your intelligence (+3).
   It greatly protects you from cold.
   It insulates you from electricity.
   It increases your rate of regeneration.
 W - the ring "Xaviwk" {rPois rF+}
   (You found it in the Dungeon)

   [ring of protection from fire]

   It protects you from fire.
   It protects you from poison.
 X - the ring "Xonekh" {rElec rN+ MR++ Str-3 Int+2}
   (You found it in the Dungeon)

   [ring of intelligence]

   It affects your strength (-3).
   It affects your intelligence (+2).
   It insulates you from electricity.
   It protects you from negative energy.
   It affects your resistance to hostile enchantments.
 Z - the ring "Zifam" (right hand) {rPois Str+2 SInv}
   (You found it in the Dungeon)

   [ring of see invisible]

   It affects your strength (+2).
   It protects you from poison.
   It lets you see invisible.
Wands
 p - a wand of cold (0)
   (You found it in the Dungeon)
 u - a wand of hasting (3)
   (You found it in the Dungeon)
Scrolls
 b - 6 scrolls of fear
 k - 9 scrolls of blinking {!r}
 n - 2 scrolls of amnesia
 v - a scroll of recharging
 D - 9 scrolls of enchant weapon
 E - 2 scrolls of identify
 P - a scroll of remove curse
 U - a scroll of immolation {!r}
Potions
 c - a potion of berserk rage {!q}
 f - 10 potions of curing
 h - 6 potions of haste
 i - 4 potions of magic
 j - a potion of invisibility
 l - a potion of agility
 t - 5 potions of might
 w - 2 potions of cure mutation {!q}
 x - 2 potions of brilliance
 z - a potion of resistance
 F - a potion of flight
Miscellaneous
 G - a crystal ball of energy
   (You found it in the Dungeon)
 T - a lantern of shadows
   (You found it in the Dungeon)
Comestibles
 e - 6 bread rations {@e1}
 H - 12 meat rations {@e2}


   Skills:
 O Level 27 Fighting
 + Level 13.9(16.1) Maces & Flails
 O Level 27 Polearms
 + Level 14.0(23.2) Staves
 O Level 27 Throwing
 O Level 27 Armour
 O Level 27 Dodging
 + Level 15.2 Stealth
 O Level 27 Shields
 + Level 14.0 Unarmed Combat
 + Level 14.1 Spellcasting
 + Level 21.2 Invocations
 O Level 27 Evocations


You had 49 spell levels left.
You didn't know any spells.

Dungeon Overview and Level Annotations

Branches:
Dungeon (1/1)

Altars:
Cheibriados
Dithmenos
Elyvilon
Fedhas
Gozag
Kikubaaqudgha
Makhleb
Nemelex Xobeh
Okawaru
Qazlal
Ru
Sif Muna
Trog
Vehumet
Xom
Yredelemnul
Zin
The Shining One
Beogh
Jiyva
Lugonu

Shops:
D =}(*


Innate Abilities, Weirdness & Mutations

You have a pair of large antennae on your head (SInv).
You are surrounded by a strong repulsion field (EV +4, rMsl).
Your flesh is cold resistant.
You may emit foul miasma when damaged in melee.
You are powered by pain.
You are immune to rotting.
You are immune to freezing clouds.
You have sharp toenails.
Your magical capacity is low (-10% MP).
Your spells are a little easier to cast, but a little less powerful.


Message History

You puncture the Brimstone Fiend! You impale the Brimstone Fiend!!
You kill the Brimstone Fiend!
Okawaru accepts your kill.
Your base Staves skill increases to level 14!
Your Unarmed Combat skill increases to level 14!
Your Spellcasting skill increases to level 14!
Drink which item? (? for menu, Esc to quit)
You feel much better.
You regained 28 hp, and now have 82/212 hp.
Drink which item? (? for menu, Esc to quit)
You feel much better.
You regained 15 hp, and now have 97/212 hp.
(D) Dungeon
Where to? (Enter - D @ (x,y), ? - help)
You see here a demon trident of flaming.
There is an open door here.
Your hands slow down.
You see here a whip.
There is an open door, spattered with blood here.
You see here a stone.
There is an open door to the Dungeon, spattered with blood here.
Things that are here:
a flail of protection; a ring mail Your extra speed is starting to run out.
Items here: ))))) a +2 scimitar of holy wrath; a +4 quarterstaff of speed the +2 morningstar "Vun Niu" {pain, rPois Str+3} a +1 broad axe of chopping; a +2 rapier of venom
There is an open door here.
There is a sacrificial altar of Ru here.
There is an opulent altar of Gozag here.
There is a stormy altar of Qazlal here.
There is a shadowy altar of Dithmenos here.
There is a snail-covered altar of Cheibriados here.
A hellwing comes into view.
You feel yourself slow down.
The hellwing gives a chilling moan.
There is a blossoming altar of Fedhas here.
You regained 26 hp, and now have 123/212 hp.
MP restored: 36
There is a corrupted altar of Lugonu here.
There is a roughly hewn altar of Beogh here.
The hellwing completely misses you. You block the hellwing's attack.
There is a white marble altar of Elyvilon here.
You hit the hellwing. You block the hellwing's attack.
You block the hellwing's attack.
You hit the hellwing but do no damage. You impale the hellwing!!
The hellwing completely misses you. You block the hellwing's attack.
The hellwing blocks your attack. You block the hellwing's attack.
You block the hellwing's attack. The hellwing blocks your attack.
You barely miss the hellwing. The hellwing completely misses you.
You block the hellwing's attack. The hellwing blocks your attack.
The hellwing's corpse armour sloughs away.
You completely miss the hellwing. You block the hellwing's attack.
You block the hellwing's attack.
You hit the hellwing. You block the hellwing's attack.
The hellwing completely misses you.
You puncture the hellwing! You impale the hellwing!!
You kill the hellwing!
Okawaru accepts your kill.
There is a sparkling altar of Nemelex Xobeh here.
There is a bloodstained altar of Trog here.
There is a deep blue altar of Sif Muna here.
There is a burning altar of Makhleb here.
There is an iron altar of Okawaru here.
There is a radiant altar of Vehumet here.
There is a shimmering altar of Xom here.
A rust devil comes into view.
You feel a little less agile now.
There is a basalt altar of Yredelemnul here.
There is an ancient bone altar of Kikubaaqudgha here.
There is a glowing golden altar of the Shining One here.
There is a glowing silver altar of Zin here.
You hit the rust devil. The rust devil completely misses you.
You puncture the rust devil! The rust devil completely misses you.
You hit the rust devil. You puncture the rust devil!
The rust devil completely misses you.
You impale the rust devil!!
You kill the rust devil!
Okawaru accepts your kill.
There is an open door to the Temple here.
Things that are here:
an uncursed shortbow; 29 arrows
There is an open door here.
Things that are here:
a dagger; a club
Things that are here:
a dagger; a stone
Things that are here:
an arrow; a stone
There is an open door to the Dungeon here.
You see here a stone.
There is a staircase leading out of the dungeon here.
You can't go down here!
You have escaped!

▓▓▓▓▓▓▓▓▓▓▓▓▓▓▓▓▓▓
▓@▓...▓...▓...▓...
▓.▓.▓.▓.▓.▓.▓.▓.▓.
▓.▓.▓.▓.▓.▓.▓.▓.▓.
▓.▓.▓.▓{▓.▓.▓.▓.▓.
▓(▓.▓.▓.▓.▓.▓.▓.▓.
▓'▓.▓.▓.▓.▓.▓.▓.▓.
▓(▓.▓.▓.▓.▓.▓.▓.▓.
▓)▓.▓'▓.▓.▓.▓.▓.▓(
▓)▓.▓.▓.▓)▓.▓.▓.▓.


There were no monsters in sight!

Vanquished Creatures
  the royal jelly (D)
  3 orbs of fire (D)
  An ancient lich (D)
  Mara (D)
  Mennas (D)
  4 greater mummies (D)
  Boris (D)
  4 pandemonium lords (D)
  Frederick (D)
  Margery (D)
  Norris (D)
  2 Killer Klowns (D)
  4 golden dragons (D)
  Nikola (D)
  Jory (D)
  9 liches (D)
  Xtahua (D)
  A bone dragon (D)
  A Brimstone Fiend (D)
  An electric golem (D)
  2 Ice Fiends (D)
  39 Orb Guardians (D)
  3 tentacled monstrosities (D)
  3 deep elf blademasters (D)
  A quicksilver dragon (D)
  7 acid blobs (D)
  2 deep elf master archers (D)
  2 Executioners (D)
  12 sphinxes (D)
  4 death cobs (D)
  Frances (D)
  7 shadow dragons (D)
  A tengu reaver (D)
  2 storm dragons (D)
  A fire giant (D)
  7 greater nagas (D)
  Ilsuiw (D)
  2 draconian monks (D)
  A draconian knight (D)
  A frost giant (D)
  3 vault wardens (D)
  7 ghost moths (D)
  9 azure jellies (D)
  Louise (D)
  2 draconian scorchers (D)
  A draconian zealot (D)
  A reaper (D)
  6 stone giants (D)
  5 emperor scorpions (D)
  3 draconian callers (D)
  A lorocyproca (D)
  3 green draconians (D)
  6 vampire knights (D)
  2 ironheart preservers (D)
  A war gargoyle (D)
  3 deep elf annihilators (D)
  2 dire elephants (D)
  2 black draconians (D)
  A corrupter (D)
  3 yellow draconians (D)
  5 ettins (D)
  2 mottled draconians (D)
  3 purple draconians (D)
  4 red draconians (D)
  A green death (D)
  A white draconian (D)
  4 merfolk javelineers (D)
  2 deep elf death magi (D)
  25 vault guards (D)
  4 deep elf high priests (D)
  4 mummy priests (D)
  4 death oozes (D)
  Josephine (D)
  2 rakshasas (D)
  2 merfolk impalers (D)
  2 yaktaur captains (D)
  6 fire dragons (D)
  Erolcha (D)
  4 hydras (D)
  2 naga warriors (D)
  Harold (D)
  2 hell beasts (D)
  4 ogre magi (D)
  A monstrous demonspawn (D)
  2 satyrs (D)
  2 merfolk avatars (D)
  An ice dragon (D)
  2 alligators (D)
  6 merfolk aquamancers (D)
  2 tengu warriors (D)
  An anaconda (D)
  A centaur warrior (D)
  2 deep troll shamans (D)
  An orc high priest (D)
  A death yak (D)
  A deep troll earth mage (D)
  A thrashing horror (D)
  2 shock serpents (D)
  2 hell hogs (D)
  A soul eater (D)
  12 spriggans (D)
  A naga sharpshooter (D)
  Sonja (D)
  3 sun demons (D)
  6 hell knights (D)
  4 ice devils (D)
  An unseen horror (D)
  A flayed ghost (D)
  2 naga ritualists (D)
  A skeletal warrior (D)
  7 swamp dragons (D)
  A giant orange brain (D)
  A putrid demonspawn (D)
  A torturous demonspawn (D)
  A harpy (shapeshifter) (D)
  A gelid demonspawn (D)
  An ironbrand convoker (D)
  A necromancer (D)
  5 orc knights (D)
  A deep troll (D)
  An orb spider (D)
  4 hill giants (D)
  2 infernal demonspawn (D)
  A griffon (D)
  2 shadow demons (D)
  3 ugly things (D)
  2 cyclopes (D)
  A hornet (D)
  4 wolf spiders (D)
  A salamander (shapeshifter) (D)
  A black mamba (D)
  A manticore (D)
  A guardian serpent (D)
  9 moths of wrath (D)
  5 rust devils (D)
  5 naga magi (D)
  5 sixfirhies (D)
  6 elephants (D)
  A hellion (D)
  A gargoyle (D)
  3 orange demons (D)
  4 smoke demons (D)
  2 yaktaurs (D)
  A kobold demonologist (D)
  4 demonic crawlers (D)
  20 guardian mummies (D)
  2 red devils (D)
  10 hellwings (D)
  A wandering mushroom (D)
  A deep elf priest (D)
  4 blue devils (D)
  2 tormentors (D)
  A merfolk (D)
  A giant leech (D)
  A wind drake (D)
  5 trolls (D)
  3 freezing wraiths (D)
  A two-headed ogre (D)
  2 slime creatures (D)
  A blink frog (D)
  4 boulder beetles (D)
  4 large abominations (D)
  3 ynoxinuls (D)
  A bog body (D)
  2 raiju (D)
  A redback (shapeshifter) (D)
  A shadow (D)
  3 redbacks (D)
  5 wraiths (D)
  A trapdoor spider (D)
  A water elemental (D)
  A tarantella (shapeshifter) (D)
  5 neqoxecs (D)
  A basilisk (D)
  A yak (shapeshifter) (D)
  A hungry ghost (D)
  A yak (D)
  A deep elf fighter (D)
  3 golden eyes (D)
  4 hippogriffs (D)
  A vampire mosquito (D)
  2 porcupines (D)
  A chaos spawn (D)
  A mottled dragon (D)
  4 water moccasins (D)
  A sky beast (D)
  7 orc warriors (D)
  2 swamp drakes (D)
  A black bear (D)
  A boggart (D)
  2 wasps (D)
  A big kobold (D)
  A centaur (D)
  3 crocodiles (D)
  3 giant frogs (D)
  3 orc priests (D)
  A jelly (D)
  A hound (D)
  5 orc wizards (D)
  3 iron imps (D)
  An iguana (D)
  A small abomination (D)
  A sheep (D)
  A worker ant (D)
  An adder (D)
  4 shadow imps (D)
  3 white imps (D)
  2 giant eyeballs (D)
  4 ufetubi (D)
  An adder zombie (D)
  An adder skeleton (D)
  A giant gecko (D)
  7 orcs (D)
  A goblin (D)
  A quokka (D)
  A bat (D)
  A giant cockroach zombie (D)
  3 kobolds (D)
616 creatures vanquished.

Vanquished Creatures (others)
  2 pandemonium lords (D)
  A sphinx (D)
  A draconian shifter (D)
  A vault sentinel (D)
  A yaktaur (D)
  A blue devil (D)
  A neqoxec (D)
  2 fulminant prisms (D)
  A lurking horror (D)
11 creatures vanquished.

Grand Total: 627 creatures vanquished

Notes
Turn   | Place    | Note
--------------------------------------------------------------
     0 | D        | esc the Demonspawn Gladiator began the quest for the Orb.
     0 | D        | Reached XP level 1. HP: 16/16 MP: 1/1
    19 | D        | Reached skill level 3 in Polearms
    19 | D        | Reached skill level 3 in Dodging
   199 | D        | Noticed an iguana
   199 | D        | Noticed a centaur
   202 | D        | Killed an iguana
   202 | D        | Reached skill level 3 in Fighting
   202 | D        | Reached skill level 2 in Armour
   202 | D        | Gained mutation: You are surrounded by a mild repulsion field (EV +2). [demonic ancestry]
   202 | D        | Reached XP level 2. HP: 17/24 MP: 2/2
   202 | D        | Reached XP level 3. HP: 20/29 MP: 3/3
   206 | D        | Killed a centaur
   206 | D        | Reached skill level 4 in Fighting
   206 | D        | Reached skill level 5 in Polearms
   206 | D        | Reached skill level 3 in Armour
   206 | D        | Reached skill level 5 in Dodging
   206 | D        | Gained mutation: You sometimes gain a little power by taking damage. [demonic ancestry]
   206 | D        | Reached XP level 4. HP: 22/38 MP: 4/4
   214 | D        | Reached skill level 5 in Fighting
   221 | D        | HP: 7/39 [adder (4)]
   226 | D        | HP: 4/39 [poisoned by an adder]
   235 | D        | Found a glowing silver altar of Zin.
   235 | D        | Found a glowing golden altar of the Shining One.
   235 | D        | Found an ancient bone altar of Kikubaaqudgha.
   235 | D        | Found a basalt altar of Yredelemnul.
   235 | D        | Found a shimmering altar of Xom.
   235 | D        | Found a radiant altar of Vehumet.
   236 | D        | Found an iron altar of Okawaru.
   237 | D        | Found a burning altar of Makhleb.
   238 | D        | Found a deep blue altar of Sif Muna.
   239 | D        | Found a bloodstained altar of Trog.
   240 | D        | Found a sparkling altar of Nemelex Xobeh.
   241 | D        | Found a white marble altar of Elyvilon.
   242 | D        | Found a roughly hewn altar of Beogh.
   243 | D        | Found a viscous altar of Jiyva.
   244 | D        | Became a worshipper of Warmaster Okawaru
   245 | D        | Found a corrupted altar of Lugonu.
   246 | D        | Found a blossoming altar of Fedhas.
   247 | D        | Found a snail-covered altar of Cheibriados.
   248 | D        | Found a shadowy altar of Dithmenos.
   249 | D        | Found a stormy altar of Qazlal.
   250 | D        | Found an opulent altar of Gozag.
   251 | D        | Found a sacrificial altar of Ru.
   487 | D        | Noticed a hound
   487 | D        | Noticed a yak
   487 | D        | Noticed a sky beast
   487 | D        | Noticed a worker ant
   493 | D        | Killed a hound
   493 | D        | Reached skill level 4 in Armour
   493 | D        | Reached skill level 2 in Invocations
   493 | D        | Gained mutation: You are surrounded by a moderate repulsion field (EV +3). [demonic ancestry]
   493 | D        | Reached XP level 5. HP: 39/44 MP: 4/6
   501 | D        | Killed a yak
   501 | D        | Reached skill level 6 in Fighting
   501 | D        | Reached skill level 6 in Polearms
   501 | D        | Reached skill level 5 in Armour
   501 | D        | Reached skill level 6 in Dodging
   501 | D        | Reached skill level 4 in Invocations
   501 | D        | Gained mutation: You sometimes gain power by taking damage. [demonic ancestry]
   501 | D        | Reached XP level 6. HP: 40/53 MP: 5/9
   505 | D        | Killed a sky beast
   505 | D        | Reached * piety under Okawaru
   505 | D        | Reached skill level 5 in Invocations
   508 | D        | Killed a worker ant
   508 | D        | Reached skill level 7 in Fighting
   587 | D        | Noticed a big kobold
   587 | D        | Noticed a water moccasin
   587 | D        | Noticed a brown ugly thing
   587 | D        | Noticed a mottled dragon
   587 | D        | Noticed a jelly
   593 | D        | Killed a big kobold
   593 | D        | Reached skill level 7 in Polearms
   593 | D        | Reached skill level 6 in Armour
   593 | D        | Reached skill level 7 in Dodging
   593 | D        | Reached skill level 6 in Invocations
   593 | D        | Killed a water moccasin
   593 | D        | Gained mutation: You are immune to rotting. [demonic ancestry]
   593 | D        | Reached XP level 7. HP: 60/60 MP: 8/12
   593 | D        | Killed a mottled dragon
   593 | D        | Reached skill level 7 in Invocations
   596 | D        | Killed a brown ugly thing
   596 | D        | Reached skill level 8 in Fighting
   596 | D        | Reached skill level 8 in Polearms
   596 | D        | Reached skill level 7 in Armour
   596 | D        | Reached skill level 8 in Dodging
   596 | D        | Reached skill level 8 in Invocations
   596 | D        | Gained mutation: You are powered by pain. [demonic ancestry]
   596 | D        | Reached XP level 8. HP: 66/69 MP: 9/14
   597 | D        | Killed a jelly
   703 | D        | Got the ring "Zuol" {*Drain Str+4 Int+2 Dex+2 SInv}
   720 | D        | Noticed a crocodile
   720 | D        | Noticed a porcupine
   720 | D        | Noticed a hippogriff
   720 | D        | Noticed a black bear
   720 | D        | Noticed a blink frog
   720 | D        | Noticed a hippogriff
   724 | D        | Noticed a crocodile
   724 | D        | Killed a crocodile
   724 | D        | Reached skill level 9 in Invocations
   729 | D        | Killed a blink frog
   729 | D        | Reached ** piety under Okawaru
   729 | D        | Reached skill level 9 in Fighting
   730 | D        | Killed a porcupine
   730 | D        | Reached skill level 8 in Armour
   731 | D        | Noticed a hippogriff
   736 | D        | Killed a hippogriff
   741 | D        | Killed a black bear
   745 | D        | Killed a hippogriff
   745 | D        | Reached skill level 9 in Polearms
   745 | D        | Reached skill level 9 in Dodging
   745 | D        | Reached skill level 10 in Invocations
   749 | D        | Killed a crocodile
   764 | D        | Killed a hippogriff
   764 | D        | Reached XP level 9. HP: 74/78 MP: 16/16
   784 | D        | Noticed a water moccasin
   784 | D        | Noticed a crocodile
   784 | D        | Noticed a giant frog
   784 | D        | Noticed a death yak
   784 | D        | Noticed a water moccasin
   784 | D        | Noticed a water moccasin
   789 | D        | Killed a water moccasin
   789 | D        | Reached *** piety under Okawaru
   794 | D        | Noticed a hippogriff
   796 | D        | Noticed a basilisk
   798 | D        | Killed a death yak
   798 | D        | Reached skill level 10 in Fighting
   798 | D        | Reached skill level 9 in Armour
   798 | D        | Reached skill level 11 in Invocations
   799 | D        | Killed a crocodile
   801 | D        | Noticed a porcupine
   803 | D        | Killed a giant frog
   808 | D        | Killed a water moccasin
   810 | D        | Killed a water moccasin
   810 | D        | Reached skill level 10 in Dodging
   816 | D        | Killed a hippogriff
   816 | D        | Reached skill level 10 in Polearms
   821 | D        | Killed a basilisk
   821 | D        | Reached **** piety under Okawaru
   823 | D        | Killed a porcupine
  1059 | D        | Noticed an elephant
  1059 | D        | Noticed an elephant
  1059 | D        | Noticed a dire elephant
  1059 | D        | Noticed an elephant
  1059 | D        | Noticed an elephant
  1059 | D        | Noticed an elephant
  1068 | D        | Killed an elephant
  1068 | D        | Reached skill level 1 in Evocations
  1103 | D        | Killed a dire elephant
  1103 | D        | Received a gift from Okawaru
  1103 | D        | Reached skill level 11 in Fighting
  1103 | D        | Reached skill level 10 in Armour
  1103 | D        | Reached skill level 3 in Evocations
  1103 | D        | Reached XP level 10. HP: 61/88 MP: 18/18
  1113 | D        | Killed an elephant
  1113 | D        | Reached ***** piety under Okawaru
  1113 | D        | Reached skill level 4 in Evocations
  1124 | D        | Killed an elephant
  1133 | D        | Killed an elephant
  1133 | D        | Reached skill level 11 in Dodging
  1139 | D        | Killed an elephant
  1139 | D        | Reached skill level 11 in Polearms
  1139 | D        | Reached skill level 5 in Evocations
  1173 | D        | Noticed an elephant
  1184 | D        | Killed an elephant
  1212 | D        | Noticed a dire elephant
  1428 | D        | Killed a dire elephant
  1428 | D        | Received a gift from Okawaru
  1428 | D        | Reached skill level 12 in Fighting
  1428 | D        | Reached skill level 11 in Armour
  1428 | D        | Reached skill level 6 in Evocations
  1429 | D        | Got a smoking glaive {god gift}
  1430 | D        | Identified the +6 glaive "Zukleomu" {chop, +Fly Str+2} (Okawaru gifted it to you in the Dungeon)
  1486 | D        | Noticed Sonja
  1490 | D        | Killed Sonja
  1490 | D        | Reached XP level 11. HP: 78/96 MP: 19/19
  1534 | D        | Noticed Erolcha
  1535 | D        | Noticed a wraith
  1536 | D        | Noticed a wraith
  1541 | D        | Noticed a wraith
  1544 | D        | Killed Erolcha
  1546 | D        | Killed a wraith
  1546 | D        | Reached skill level 7 in Evocations
  1549 | D        | Noticed a wraith
  1550 | D        | Killed a wraith
  1560 | D        | Killed a wraith
  1562 | D        | Killed a wraith
  1569 | D        | Noticed a wraith
  1574 | D        | Killed a wraith
  1574 | D        | Reached skill level 12 in Dodging
  1591 | D        | Noticed Josephine
  1599 | D        | Killed Josephine
  1599 | D        | Reached skill level 12 in Polearms
  1658 | D        | Noticed an orc priest
  1658 | D        | Noticed an orc wizard
  1658 | D        | Noticed an orc priest
  1662 | D        | Killed an orc priest
  1664 | D        | Killed an orc wizard
  1666 | D        | Noticed an orc priest
  1669 | D        | Noticed an orc warrior
  1669 | D        | Killed an orc priest
  1671 | D        | Noticed an orc wizard
  1674 | D        | Noticed a stone giant
  1676 | D        | Killed an orc warrior
  1678 | D        | Killed an orc priest
  1693 | D        | Killed a stone giant
  1693 | D        | Received a gift from Okawaru
  1693 | D        | Reached skill level 13 in Fighting
  1693 | D        | Reached skill level 12 in Armour
  1694 | D        | Killed an orc wizard
  1912 | D        | Noticed an orc warrior
  1912 | D        | Noticed an orc wizard
  1912 | D        | Noticed an orc warrior
  1912 | D        | Noticed an orc wizard
  1912 | D        | Noticed an orc knight
  1912 | D        | Noticed an orc wizard
  1914 | D        | Noticed an orc warrior
  1920 | D        | Killed an orc warrior
  1925 | D        | Noticed an orc warrior
  1925 | D        | Killed an orc knight
  1928 | D        | Killed an orc warrior
  1930 | D        | Noticed an orc high priest
  1933 | D        | Killed an orc warrior
  1935 | D        | Noticed an orc warrior
  1935 | D        | Killed an orc wizard
  1938 | D        | Killed an orc warrior
  1939 | D        | Killed an orc wizard
  1941 | D        | Killed an orc wizard
  1943 | D        | Noticed a soul eater
  1949 | D        | Killed a soul eater
  1956 | D        | Killed an orc high priest
  1959 | D        | Killed an orc warrior
  1986 | D        | Noticed an orc knight
  1987 | D        | Noticed an orc warrior
  1993 | D        | Killed an orc knight
  1994 | D        | Killed an orc warrior
  2180 | D        | Found Zoish's Jewellery Emporium.
  2180 | D        | Noticed a hill giant
  2180 | D        | Noticed a troll
  2180 | D        | Noticed an ogre mage
  2180 | D        | Noticed a hill giant
  2180 | D        | Noticed a troll
  2181 | D        | Noticed a troll
  2185 | D        | Killed a hill giant
  2185 | D        | Reached skill level 13 in Dodging
  2189 | D        | Killed a troll
  2189 | D        | Reached skill level 13 in Polearms
  2195 | D        | Noticed an ettin
  2195 | D        | Killed an ogre mage
  2195 | D        | Received a gift from Okawaru
  2195 | D        | Reached skill level 14 in Fighting
  2200 | D        | Killed a hill giant
  2200 | D        | Received a gift from Okawaru
  2207 | D        | Noticed a troll
  2207 | D        | Killed a troll
  2207 | D        | Gained mutation: You are surrounded by a strong repulsion field (EV +4, rMsl). [demonic ancestry]
  2207 | D        | Reached XP level 12. HP: 107/107 MP: 14/20
  2210 | D        | Killed a troll
  2210 | D        | Reached skill level 13 in Armour
  2216 | D        | Killed an ettin
  2221 | D        | Killed a troll
  2223 | D        | Got a jewelled buckler {god gift}
  2228 | D        | Noticed an ogre mage
  2228 | D        | Found Veynoif's Gadget Shoppe.
  2231 | D        | Found Qucuec's Antique Weapon Emporium.
  2235 | D        | Killed an ogre mage
  2238 | D        | Found Leneowun's General Store.
  2241 | D        | Noticed a troll
  2242 | D        | Noticed an ogre mage
  2243 | D        | Noticed an ettin
  2245 | D        | Killed a troll
  2246 | D        | Noticed a hill giant
  2253 | D        | Killed an ogre mage
  2258 | D        | Killed an ettin
  2265 | D        | Killed a hill giant
  2265 | D        | Reached skill level 14 in Dodging
  2308 | D        | Bought the amulet "Aqaesid" {rElec rC++ Regen+ Int+3} for 949 gold pieces
  2315 | D        | Bought a scroll of blinking for 90 gold pieces
  2315 | D        | Bought a scroll of enchant armour for 90 gold pieces
  2341 | D        | Noticed Harold
  2353 | D        | Killed Harold
  2353 | D        | Reached skill level 14 in Polearms
  2543 | D        | Noticed a gargoyle
  2543 | D        | Noticed a giant frog
  2543 | D        | Noticed a giant frog
  2543 | D        | Noticed a two-headed ogre
  2543 | D        | Noticed a tengu warrior
  2543 | D        | Noticed a kobold demonologist
  2546 | D        | Killed a gargoyle
  2546 | D        | Reached skill level 15 in Fighting
  2548 | D        | Killed a giant frog
  2550 | D        | Killed a giant frog
  2553 | D        | Killed a two-headed ogre
  2555 | D        | Noticed a slime creature
  2559 | D        | Noticed a hungry ghost
  2561 | D        | Killed a tengu warrior
  2562 | D        | Noticed a stone giant
  2564 | D        | Noticed a slime creature
  2570 | D        | Killed a kobold demonologist
  2573 | D        | Noticed a stone giant
  2575 | D        | Killed a slime creature
  2575 | D        | Reached skill level 14 in Armour
  2584 | D        | Killed a stone giant
  2591 | D        | Killed a hungry ghost
  2594 | D        | Killed a slime creature
  2601 | D        | Killed a stone giant
  2601 | D        | Reached ****** piety under Okawaru
  2620 | D        | Noticed a deep troll earth mage
  2621 | D        | Noticed a stone giant
  2622 | D        | Noticed a deep troll shaman
  2624 | D        | Noticed an octopode
  2630 | D        | Killed a deep troll earth mage
  2630 | D        | Received a gift from Okawaru
  2638 | D        | Killed a stone giant
  2644 | D        | an octopode changed into a harpy
  2646 | D        | Killed a deep troll shaman
  2649 | D        | Reached skill level 16 in Fighting
  2649 | D        | Reached skill level 15 in Dodging
  2649 | D        | Reached XP level 13. HP: 93/117 MP: 21/21
  2651 | D        | Got a slimy demon trident {god gift}
  2652 | D        | Identified the +12 demon trident of Rubbish {drain, Str-2 Dex+7} (Okawaru gifted it to you in the Dungeon)
  2658 | D        | Identified the +0 buckler of Broken Taboos {rN+ Int+3 Dex+6 Stlth-} (Okawaru gifted it to you in the Dungeon)
  2767 | D        | Noticed a water elemental
  2767 | D        | Noticed a satyr
  2767 | D        | Noticed a merfolk
  2767 | D        | Noticed a merfolk aquamancer
  2767 | D        | Noticed a wind drake
  2767 | D        | Noticed a satyr
  2775 | D        | Killed a satyr
  2775 | D        | Reached skill level 1 in Shields
  2778 | D        | Killed a water elemental
  2780 | D        | Noticed a griffon
  2781 | D        | Killed a merfolk aquamancer
  2781 | D        | Reached skill level 2 in Shields
  2783 | D        | Noticed a merfolk aquamancer
  2784 | D        | Killed a merfolk
  2785 | D        | Noticed a manticore
  2792 | D        | Killed a wind drake
  2809 | D        | Killed a satyr
  2809 | D        | Reached skill level 3 in Shields
  2817 | D        | Killed a griffon
  2817 | D        | Received a gift from Okawaru
  2817 | D        | Reached skill level 15 in Armour
  2823 | D        | Killed a merfolk aquamancer
  2827 | D        | Killed a manticore
  2827 | D        | Reached skill level 4 in Shields
  2852 | D        | Noticed a black mamba
  2852 | D        | Noticed a shock serpent
  2852 | D        | Noticed a greater naga
  2852 | D        | Noticed a naga mage
  2852 | D        | Noticed a naga ritualist
  2852 | D        | Noticed an anaconda
  2857 | D        | Killed a black mamba
  2861 | D        | Noticed a shock serpent
  2863 | D        | Killed a shock serpent
  2868 | D        | Noticed a naga sharpshooter
  2869 | D        | Killed a greater naga
  2871 | D        | Noticed a naga ritualist
  2881 | D        | Killed a naga ritualist
  2886 | D        | Killed a naga mage
  2886 | D        | Reached skill level 17 in Fighting
  2888 | D        | Killed an anaconda
  2888 | D        | Reached skill level 16 in Dodging
  2894 | D        | Killed a shock serpent
  2901 | D        | Killed a naga sharpshooter
  2901 | D        | Received a gift from Okawaru
  2906 | D        | Killed a naga ritualist
  3016 | D        | Noticed a giant leech
  3016 | D        | Noticed an alligator
  3016 | D        | Noticed a bog body
  3016 | D        | Noticed a wasp
  3016 | D        | Noticed an alligator
  3016 | D        | Noticed a shadow
  3021 | D        | Killed a giant leech
  3025 | D        | Killed an alligator
  3025 | D        | Reached skill level 16 in Armour
  3028 | D        | Killed an alligator
  3031 | D        | Killed a bog body
  3032 | D        | Killed a wasp
  3033 | D        | Noticed a white ugly thing
  3035 | D        | Killed a shadow
  3036 | D        | Noticed a spriggan rider
  3037 | D        | Noticed a swamp drake
  3039 | D        | Killed a white ugly thing
  3045 | D        | Killed a spriggan rider
  3045 | D        | Killed a wasp
  3049 | D        | Killed a swamp drake
  3073 | D        | Noticed a wolf spider
  3073 | D        | Noticed a demonic crawler
  3073 | D        | Noticed a boulder beetle
  3073 | D        | Noticed an orb spider
  3073 | D        | Noticed a demonic crawler
  3074 | D        | Noticed a wolf spider
  3075 | D        | Noticed a trapdoor spider
  3077 | D        | Killed a trapdoor spider
  3080 | D        | Killed a wolf spider
  3083 | D        | Killed a demonic crawler
  3086 | D        | Noticed a demonic crawler
  3088 | D        | Noticed a demonic crawler
  3090 | D        | Killed a boulder beetle
  3092 | D        | Killed an orb spider
  3092 | D        | Received a gift from Okawaru
  3097 | D        | Killed a demonic crawler
  3099 | D        | Killed a wolf spider
  3099 | D        | Reached skill level 18 in Fighting
  3105 | D        | Killed a demonic crawler
  3110 | D        | Killed a demonic crawler
  3145 | D        | Noticed Frances
  3159 | D        | Killed Frances
  3159 | D        | Received a gift from Okawaru
  3159 | D        | Reached skill level 17 in Dodging
  3251 | D        | Noticed an ettin
  3251 | D        | Noticed a boggart
  3251 | D        | Noticed a yaktaur
  3251 | D        | Noticed a fire dragon
  3251 | D        | Noticed an ogre mage
  3251 | D        | Noticed a hell knight
  3258 | D        | Killed an ettin
  3260 | D        | Noticed a deep troll shaman
  3262 | D        | Killed a boggart
  3265 | D        | Killed a yaktaur
  3266 | D        | Noticed a salamander
  3269 | D        | Noticed a tentacled monstrosity
  3269 | D        | Killed a fire dragon
  3269 | D        | Reached skill level 17 in Armour
  3270 | D        | Noticed a vampire knight
  3270 | D        | Killed an ogre mage
  3270 | D        | Reached XP level 14. HP: 100/131 MP: 22/22
  3274 | D        | Killed a hell knight
  3278 | D        | Noticed an ettin
  3278 | D        | Killed a deep troll shaman
  3284 | D        | Killed a tentacled monstrosity
  3287 | D        | Killed a salamander
  3292 | D        | Noticed a tengu warrior
  3293 | D        | Killed a vampire knight
  3293 | D        | Reached skill level 19 in Fighting
  3296 | D        | Killed an ettin
  3301 | D        | Killed a tengu warrior
  3301 | D        | Reached skill level 18 in Dodging
  3316 | D        | Noticed a giant orange brain
  3317 | D        | Noticed a fire giant
  3318 | D        | Noticed a rakshasa
  3319 | D        | Noticed a vampire knight
  3323 | D        | Noticed a stone giant
  3323 | D        | Killed a giant orange brain
  3326 | D        | Killed a fire giant
  3328 | D        | Noticed a fire dragon
  3329 | D        | Killed a rakshasa
  3329 | D        | Reached skill level 18 in Armour
  3333 | D        | Killed a vampire knight
  3339 | D        | Killed a stone giant
  3347 | D        | Killed a fire dragon
  3371 | D        | Noticed a hill giant
  3371 | D        | Noticed a yak
  3371 | D        | Noticed a wolf spider
  3371 | D        | Noticed a yaktaur captain
  3371 | D        | Noticed a centaur warrior
  3371 | D        | Noticed a tarantella
  3375 | D        | Killed a hill giant
  3376 | D        | Killed a yak
  3377 | D        | Noticed a flayed ghost
  3380 | D        | Noticed an ironheart preserver
  3381 | D        | Killed a wolf spider
  3383 | D        | Noticed a vault warden
  3389 | D        | Killed a yaktaur captain
  3390 | D        | Noticed a fire dragon
  3396 | D        | Killed a centaur warrior
  3396 | D        | Received a gift from Okawaru
  3396 | D        | Reached skill level 20 in Fighting
  3397 | D        | Noticed a vampire mosquito
  3402 | D        | Killed a tarantella
  3406 | D        | Noticed a deep elf fighter
  3408 | D        | Killed an ironheart preserver
  3410 | D        | Killed a flayed ghost
  3418 | D        | Killed a vault warden
  3425 | D        | Killed a fire dragon
  3425 | D        | Reached skill level 19 in Dodging
  3427 | D        | Killed a vampire mosquito
  3431 | D        | Killed a deep elf fighter
  3448 | D        | Noticed a frost giant
  3449 | D        | Noticed a yaktaur
  3450 | D        | Noticed a vault warden
  3451 | D        | Noticed an orc knight
  3452 | D        | Noticed a freezing wraith
  3453 | D        | Noticed a wolf spider
  3465 | D        | Killed a frost giant
  3467 | D        | Killed a yaktaur
  3470 | D        | Noticed a stone giant
  3473 | D        | Killed a vault warden
  3473 | D        | Reached skill level 19 in Armour
  3481 | D        | Killed an orc knight
  3483 | D        | Killed a freezing wraith
  3486 | D        | Killed a wolf spider
  3490 | D        | Killed a stone giant
  3493 | D        | Noticed a sphinx
  3494 | D        | Paralysed by a sphinx for 4 turns
  3498 | D        | Noticed a boulder beetle
  3505 | D        | Killed a sphinx
  3521 | D        | Killed a boulder beetle
  3714 | D        | Noticed a necromancer
  3715 | D        | Noticed a hell knight
  3716 | D        | Noticed Margery
  3718 | D        | Noticed a hell knight
  3721 | D        | Noticed a hell knight
  3724 | D        | Noticed a hell knight
  3724 | D        | Killed a hell knight
  3729 | D        | Noticed a hell knight
  3739 | D        | Killed Margery
  3739 | D        | Received a gift from Okawaru
  3739 | D        | Reached skill level 21 in Fighting
  3739 | D        | Gained mutation: You have a pair of small antennae on your head. [demonic ancestry]
  3739 | D        | Reached XP level 15. HP: 91/144 MP: 23/23
  3743 | D        | Killed a hell knight
  3747 | D        | Killed a hell knight
  3750 | D        | Killed a necromancer
  3750 | D        | Reached skill level 20 in Dodging
  3753 | D        | Killed a hell knight
  3759 | D        | Killed a hell knight
  3773 | D        | Got a twisted glaive {god gift}
  3784 | D        | Identified the +8 glaive of Anie {elec, +Rage rElec rF+} (Okawaru gifted it to you in the Dungeon)
  3858 | D        | Got the +1 robe "Cobbar" {rCorr Int+7}
  3863 | D        | Got the +0 large shield of Happiness {rF- Dex+9}
  3970 | D        | Noticed Nikola
  3973 | D        | Noticed Mennas
  3985 | D        | Killed Nikola
  3985 | D        | Reached skill level 20 in Armour
  4020 | D        | Killed Mennas
  4020 | D        | Received a gift from Okawaru
  4020 | D        | Reached skill level 22 in Fighting
  4032 | D        | Identified a +2 pair of boots of running (Okawaru gifted it to you in the Dungeon)
  4070 | D        | Noticed a five-headed hydra
  4070 | D        | Noticed a five-headed hydra
  4070 | D        | Noticed a swamp dragon
  4070 | D        | Noticed a seven-headed hydra
  4070 | D        | Noticed a swamp dragon
  4070 | D        | Noticed a swamp dragon
  4072 | D        | Killed a five-headed hydra
  4075 | D        | Killed a five-headed hydra
  4079 | D        | Killed a swamp dragon
  4080 | D        | Noticed a hornet
  4084 | D        | Noticed a swamp dragon
  4086 | D        | Killed a seven-headed hydra
  4091 | D        | Noticed a swamp drake
  4097 | D        | Killed a swamp dragon
  4098 | D        | Noticed a swamp dragon
  4099 | D        | Killed a swamp dragon
  4099 | D        | Reached skill level 21 in Dodging
  4101 | D        | Noticed a swamp dragon
  4103 | D        | Killed a hornet
  4108 | D        | Noticed a swamp dragon
  4110 | D        | Killed a swamp dragon
  4111 | D        | Killed a swamp drake
  4113 | D        | Noticed an eight-headed hydra
  4118 | D        | Killed a swamp dragon
  4123 | D        | Killed a swamp dragon
  4126 | D        | Killed a swamp dragon
  4128 | D        | Killed an eight-headed hydra
  4128 | D        | Reached skill level 21 in Armour
  4135 | D        | Got a decaying rune of Zot
  4168 | D        | Noticed a naga mage
  4168 | D        | Noticed a naga warrior
  4168 | D        | Noticed a greater naga
  4168 | D        | Noticed a naga mage
  4168 | D        | Noticed a greater naga
  4168 | D        | Noticed a greater naga
  4177 | D        | Killed a naga warrior
  4178 | D        | Noticed a greater naga
  4192 | D        | Killed a greater naga
  4193 | D        | Noticed a greater naga
  4198 | D        | Killed a greater naga
  4199 | D        | Noticed a greater naga
  4200 | D        | Noticed a naga warrior
  4205 | D        | Killed a greater naga
  4205 | D        | Reached skill level 23 in Fighting
  4210 | D        | Killed a greater naga
  4211 | D        | Noticed a naga mage
  4217 | D        | Noticed a guardian serpent
  4217 | D        | Killed a greater naga
  4222 | D        | Killed a greater naga
  4223 | D        | Noticed a naga mage
  4227 | D        | Killed a naga mage
  4231 | D        | Killed a naga mage
  4233 | D        | Killed a naga mage
  4241 | D        | Killed a naga warrior
  4244 | D        | Killed a naga mage
  4248 | D        | Killed a guardian serpent
  4248 | D        | Reached skill level 22 in Dodging
  4251 | D        | Got a serpentine rune of Zot
  4276 | D        | Noticed a merfolk javelineer
  4276 | D        | Noticed a merfolk avatar
  4276 | D        | Noticed a merfolk aquamancer
  4276 | D        | Noticed a merfolk impaler
  4276 | D        | Noticed a merfolk javelineer
  4276 | D        | Noticed a merfolk javelineer
  4278 | D        | Noticed Ilsuiw
  4280 | D        | Killed a merfolk aquamancer
  4281 | D        | Noticed a merfolk aquamancer
  4284 | D        | Killed a merfolk javelineer
  4285 | D        | Noticed a merfolk avatar
  4292 | D        | Killed a merfolk avatar
  4292 | D        | Received a gift from Okawaru
  4293 | D        | Noticed a merfolk impaler
  4293 | D        | Noticed a merfolk javelineer
  4297 | D        | Killed a merfolk javelineer
  4300 | D        | Killed a merfolk aquamancer
  4300 | D        | Reached skill level 22 in Armour
  4302 | D        | Noticed a merfolk aquamancer
  4308 | D        | Killed a merfolk javelineer
  4309 | D        | Noticed a merfolk aquamancer
  4320 | D        | Killed a merfolk avatar
  4328 | D        | Killed a merfolk aquamancer
  4331 | D        | Killed a merfolk aquamancer
  4331 | D        | Gained mutation: You have a pair of antennae on your head. [demonic ancestry]
  4331 | D        | Reached XP level 16. HP: 159/159 MP: 24/24
  4347 | D        | Killed a merfolk javelineer
  4348 | D        | Killed a merfolk impaler
  4348 | D        | Reached skill level 24 in Fighting
  4353 | D        | Killed a merfolk impaler
  4361 | D        | Killed Ilsuiw
  4369 | D        | Got a barnacled rune of Zot
  4419 | D        | Noticed an emperor scorpion
  4419 | D        | Noticed an emperor scorpion
  4419 | D        | Noticed an emperor scorpion
  4419 | D        | Noticed an emperor scorpion
  4429 | D        | Killed an emperor scorpion
  4441 | D        | Killed an emperor scorpion
  4459 | D        | Killed an emperor scorpion
  4464 | D        | Killed a ghost moth
  4471 | D        | Killed a ghost moth
  4490 | D        | Killed an emperor scorpion
  4490 | D        | Reached skill level 15 in Polearms
  4490 | D        | Reached skill level 2 in Throwing
  4490 | D        | Reached skill level 23 in Dodging
  4498 | D        | Killed a ghost moth
  4498 | D        | Reached skill level 8 in Evocations
  4501 | D        | Noticed an emperor scorpion
  4503 | D        | Noticed a redback
  4511 | D        | Killed a ghost moth
  4511 | D        | Received a gift from Okawaru
  4511 | D        | Reached skill level 3 in Throwing
  4512 | D        | Got a warped demon trident {god gift}
  4516 | D        | Killed a ghost moth
  4516 | D        | Reached skill level 5 in Shields
  4528 | D        | Killed an emperor scorpion
  4538 | D        | Killed a ghost moth
  4538 | D        | Reached skill level 4 in Throwing
  4543 | D        | Killed a redback
  4550 | D        | Killed a ghost moth
  4550 | D        | Reached skill level 23 in Armour
  4553 | D        | Identified the +5 demon trident of the Fulmar {freeze, Str+3 Dex+4} (Okawaru gifted it to you in the Dungeon)
  4558 | D        | Got a gossamer rune of Zot
  4594 | D        | Noticed Louise
  4606 | D        | Killed Louise
  4606 | D        | Reached skill level 6 in Shields
  4606 | D        | Reached skill level 9 in Evocations
  4635 | D        | Noticed Mara
  4638 | D        | Noticed esc's illusion
  4653 | D        | Killed Mara
  4653 | D        | Reached skill level 5 in Throwing
  4698 | D        | Noticed a vault guard
  4698 | D        | Noticed a vault guard
  4698 | D        | Noticed a vault guard
  4698 | D        | Noticed a vault guard
  4698 | D        | Noticed a vault guard
  4698 | D        | Noticed a vault guard
  4703 | D        | Killed a vault guard
  4703 | D        | Reached skill level 6 in Throwing
  4703 | D        | Reached skill level 7 in Shields
  4712 | D        | Killed a vault guard
  4712 | D        | Reached skill level 25 in Fighting
  4712 | D        | Reached skill level 10 in Evocations
  4713 | D        | Noticed a vault guard
  4716 | D        | Noticed a vault guard
  4720 | D        | Killed a vault guard
  4720 | D        | Received a gift from Okawaru
  4723 | D        | Killed a vault guard
  4727 | D        | Noticed a vault guard
  4728 | D        | Killed a vault guard
  4734 | D        | Killed a vault guard
  4737 | D        | Noticed a vault guard
  4743 | D        | Killed a vault guard
  4743 | D        | Reached skill level 16 in Polearms
  4744 | D        | Noticed a vault guard
  4754 | D        | Killed a vault guard
  4755 | D        | Noticed a vault guard
  4760 | D        | Killed a vault guard
  4760 | D        | Reached skill level 7 in Throwing
  4768 | D        | Killed a vault guard
  4768 | D        | Reached skill level 8 in Shields
  4773 | D        | Killed a vault guard
  4780 | D        | Killed a vault guard
  4796 | D        | Noticed a vault guard
  4797 | D        | Noticed a vault guard
  4798 | D        | Noticed a vault guard
  4799 | D        | Noticed a vault guard
  4804 | D        | Killed a vault guard
  4808 | D        | Noticed a vault guard
  4811 | D        | Killed a vault guard
  4812 | D        | Noticed a vault guard
  4817 | D        | Killed a vault guard
  4817 | D        | Reached skill level 11 in Evocations
  4825 | D        | Noticed a vault guard
  4829 | D        | Noticed a vault guard
  4829 | D        | Killed a vault guard
  4833 | D        | Killed a vault guard
  4838 | D        | Killed a vault guard
  4842 | D        | Killed a vault guard
  4842 | D        | Reached skill level 8 in Throwing
  4848 | D        | Killed a vault guard
  4862 | D        | Noticed a vault guard
  4863 | D        | Noticed a vault guard
  4864 | D        | Noticed a vault guard
  4865 | D        | Noticed a vault guard
  4866 | D        | Noticed a vault guard
  4882 | D        | Killed a vault guard
  4882 | D        | Reached skill level 9 in Shields
  4885 | D        | Killed a vault guard
  4893 | D        | Killed a vault guard
  4896 | D        | Killed a vault guard
  4913 | D        | Killed a vault guard
  4928 | D        | Noticed an orc knight
  4928 | D        | Noticed a deep elf priest
  4928 | D        | Noticed a yaktaur
  4928 | D        | Noticed a yaktaur captain
  4928 | D        | Noticed a boulder beetle
  4928 | D        | Noticed a deep troll
  4934 | D        | Killed an orc knight
  4938 | D        | Killed a yaktaur captain
  4938 | D        | Gained mutation: You may emit foul miasma when damaged in melee. [demonic ancestry]
  4938 | D        | Reached XP level 17. HP: 169/169 MP: 25/25
  4940 | D        | Noticed a freezing wraith
  4941 | D        | Killed a deep elf priest
  4942 | D        | Noticed a redback
  4942 | D        | Killed a yaktaur
  4948 | D        | Killed a boulder beetle
  4951 | D        | Killed a deep troll
  4953 | D        | Noticed an ettin
  4955 | D        | Killed a freezing wraith
  4957 | D        | Noticed a freezing wraith
  4957 | D        | Killed a redback
  4964 | D        | Killed an ettin
  4964 | D        | Reached skill level 9 in Throwing
  4964 | D        | Reached skill level 12 in Evocations
  4967 | D        | Noticed an ironheart preserver
  4967 | D        | Killed a freezing wraith
  4969 | D        | Noticed a shadow dragon
  4969 | D        | Noticed a war gargoyle
  4970 | D        | Noticed a shadow dragon
  4976 | D        | Noticed a tengu reaver
  4976 | D        | Killed an ironheart preserver
  4978 | D        | Noticed a redback
  4992 | D        | Killed a shadow dragon
  4992 | D        | Reached skill level 24 in Dodging
  4992 | D        | Reached skill level 10 in Shields
  5002 | D        | Killed a war gargoyle
  5023 | D        | Killed a shadow dragon
  5023 | D        | Reached skill level 17 in Polearms
  5027 | D        | Noticed an ironbrand convoker
  5032 | D        | Killed a tengu reaver
  5035 | D        | Killed a redback
  5038 | D        | Killed an ironbrand convoker
  5065 | D        | Identified a cursed -2 rod of clouds (14/14) (You found it in the Dungeon)
  5146 | D        | Noticed a vault warden
  5146 | D        | Noticed a shadow dragon
  5146 | D        | Noticed a vault sentinel
  5146 | D        | Noticed a quicksilver dragon
  5146 | D        | Noticed a golden dragon
  5146 | D        | Noticed a shadow dragon
  5147 | D        | Noticed a tentacled monstrosity
  5154 | D        | Killed a vault warden
  5154 | D        | Received a gift from Okawaru
  5168 | D        | Noticed a shadow dragon
  5170 | D        | Killed a shadow dragon
  5170 | D        | Reached skill level 10 in Throwing
  5181 | D        | Noticed a boulder beetle
  5185 | D        | Killed a quicksilver dragon
  5185 | D        | Reached skill level 24 in Armour
  5198 | D        | Killed a golden dragon
  5198 | D        | Reached skill level 11 in Shields
  5198 | D        | Reached skill level 13 in Evocations
  5207 | D        | Killed a tentacled monstrosity
  5207 | D        | Reached skill level 26 in Fighting
  5218 | D        | Killed a vault sentinel
  5221 | D        | Killed a shadow dragon
  5226 | D        | Killed a shadow dragon
  5230 | D        | Killed a boulder beetle
  5244 | D        | Got a silver rune of Zot
  5251 | D        | Got a spiked cloak
  5262 | D        | Identified the cursed -3 cloak "Coqyoc" {rPois rCorr} (You found it in the Dungeon)
  5346 | D        | Noticed Frederick
  5348 | D        | Noticed Boris
  5365 | D        | Killed Frederick
  5365 | D        | Reached skill level 11 in Throwing
  5383 | D        | Killed Boris
  5383 | D        | Reached skill level 12 in Shields
  5383 | D        | Reached skill level 14 in Evocations
  5410 | D        | Got the ring of Meyz {rC+ Str+2}
  5412 | D        | Got the ring "Xaviwk" {rPois rF+}
  5414 | D        | Got the ring "Xonekh" {rElec rN+ MR++ Str-3 Int+2}
  5416 | D        | Got the ring "Sealad" {rF+ Int+2}
  5418 | D        | Got the ring "Zifam" {rPois Str+2 SInv}
  5440 | D        | Got the +0 pair of gloves of Sin {rC+}
  5608 | D        | Noticed Norris
  5609 | D        | Noticed Jory
  5611 | D        | Noticed Xtahua
  5621 | D        | Killed Norris
  5621 | D        | Reached skill level 18 in Polearms
  5636 | D        | Killed Jory
  5636 | D        | Reached skill level 12 in Throwing
  5650 | D        | Killed Xtahua
  5650 | D        | Received a gift from Okawaru
  5681 | D        | Noticed a cyclops
  5681 | D        | Noticed an unseen horror
  5681 | D        | Noticed an orc knight
  5681 | D        | Noticed a cyclops
  5681 | D        | Noticed an elephant
  5684 | D        | Killed a cyclops
  5690 | D        | Killed an unseen horror
  5693 | D        | Killed an orc knight
  5694 | D        | Noticed a purple ugly thing
  5696 | D        | Noticed a skeletal warrior
  5697 | D        | Killed a cyclops
  5698 | D        | an elephant changed into a guardian serpent
  5709 | D        | Killed a purple ugly thing
  5715 | D        | Killed a skeletal warrior
  5732 | D        | Noticed a bone dragon
  5732 | D        | Noticed a storm dragon
  5732 | D        | Noticed a green draconian
  5732 | D        | Noticed a golden dragon
  5732 | D        | Noticed a golden dragon
  5732 | D        | Noticed a yellow draconian
  5745 | D        | Noticed a purple draconian
  5751 | D        | Killed a bone dragon
  5751 | D        | Reached skill level 25 in Dodging
  5751 | D        | Reached skill level 15 in Evocations
  5756 | D        | Killed a storm dragon
  5768 | D        | Killed a green draconian
  5769 | D        | Noticed a white draconian
  5787 | D        | Killed a golden dragon
  5787 | D        | Reached skill level 13 in Throwing
  5787 | D        | Noticed a black draconian
  5790 | D        | Killed a golden dragon
  5790 | D        | Reached skill level 25 in Armour
  5794 | D        | Noticed a fire dragon
  5797 | D        | Noticed a red draconian
  5797 | D        | Killed a yellow draconian
  5797 | D        | Gained mutation: Your flesh is cold resistant. [demonic ancestry]
  5797 | D        | Reached XP level 18. HP: 174/181 MP: 29/29
  5804 | D        | Noticed a mottled draconian
  5804 | D        | Killed a purple draconian
  5804 | D        | Reached skill level 27 in Fighting
  5804 | D        | Reached skill level 19 in Polearms
  5812 | D        | Killed a white draconian
  5821 | D        | Killed a black draconian
  5821 | D        | Reached skill level 16 in Evocations
  5827 | D        | Killed a fire dragon
  5840 | D        | Killed a red draconian
  5845 | D        | Killed a mottled draconian
  5870 | D        | Noticed a death cob
  5870 | D        | Noticed a red draconian zealot
  5870 | D        | Noticed a purple draconian knight
  5870 | D        | Noticed a purple draconian
  5870 | D        | Noticed a black draconian
  5870 | D        | Noticed a moth of wrath
  5878 | D        | Killed a death cob
  5885 | D        | Noticed a moth of wrath
  5885 | D        | Killed a red draconian zealot
  5885 | D        | Reached skill level 14 in Throwing
  5893 | D        | Killed a purple draconian knight
  5898 | D        | Killed a purple draconian
  5903 | D        | Killed a black draconian
  5907 | D        | Killed a moth of wrath
  5910 | D        | Killed a moth of wrath
  5910 | D        | Received a gift from Okawaru
  5927 | D        | Noticed a red draconian
  5927 | D        | Noticed a purple draconian
  5927 | D        | Noticed a red draconian
  5927 | D        | Noticed a red draconian caller
  5927 | D        | Noticed a red draconian monk
  5927 | D        | Noticed an ice dragon
  5938 | D        | Killed a purple draconian
  5939 | D        | Noticed a death cob
  5945 | D        | Killed a red draconian
  5955 | D        | Noticed a mottled draconian
  5961 | D        | Killed a red draconian caller
  5968 | D        | Killed a red draconian
  5980 | D        | Killed a red draconian monk
  5980 | D        | Reached skill level 17 in Evocations
  5985 | D        | Killed an ice dragon
  5993 | D        | Killed a death cob
  5993 | D        | Received a gift from Okawaru
  5998 | D        | Killed a mottled draconian
  6032 | D        | Noticed a green draconian
  6032 | D        | Noticed a yellow draconian caller
  6032 | D        | Noticed a red draconian
  6032 | D        | Noticed a mottled draconian monk
  6032 | D        | Noticed a green draconian caller
  6032 | D        | Noticed a storm dragon
  6039 | D        | Noticed a fire dragon
  6045 | D        | Killed a green draconian
  6045 | D        | Reached skill level 15 in Throwing
  6051 | D        | Killed a yellow draconian caller
  6051 | D        | Reached skill level 20 in Polearms
  6053 | D        | Noticed a fire dragon
  6064 | D        | Noticed a green draconian
  6064 | D        | Killed a mottled draconian monk
  6070 | D        | Killed a green draconian caller
  6070 | D        | Reached skill level 26 in Dodging
  6080 | D        | Killed a red draconian
  6080 | D        | Received a gift from Okawaru
  6093 | D        | Killed a storm dragon
  6105 | D        | Killed a fire dragon
  6108 | D        | Killed a fire dragon
  6113 | D        | Killed a green draconian
  6169 | D        | Noticed a red draconian scorcher
  6169 | D        | Noticed a golden dragon
  6169 | D        | Noticed a moth of wrath
  6169 | D        | Noticed a yellow draconian
  6169 | D        | Noticed a moth of wrath
  6169 | D        | Noticed a purple draconian scorcher
  6175 | D        | Noticed a white draconian shifter
  6175 | D        | Killed a red draconian scorcher
  6175 | D        | Reached skill level 18 in Evocations
  6182 | D        | Killed a moth of wrath
  6186 | D        | Killed a golden dragon
  6186 | D        | Reached skill level 26 in Armour
  6190 | D        | Killed a moth of wrath
  6195 | D        | Killed a yellow draconian
  6195 | D        | Reached skill level 16 in Throwing
  6196 | D        | Noticed a yellow draconian
  6197 | D        | Noticed a death cob
  6203 | D        | Killed a purple draconian scorcher
  6206 | D        | Killed a white draconian shifter
  6217 | D        | Killed a yellow draconian
  6229 | D        | Killed a death cob
  6344 | D        | Noticed an Orb Guardian
  6344 | D        | Noticed an Orb Guardian
  6344 | D        | Noticed an Orb Guardian
  6344 | D        | Noticed an Orb Guardian
  6344 | D        | Noticed an Orb Guardian
  6344 | D        | Noticed an Orb Guardian
  6355 | D        | Killed an Orb Guardian
  6358 | D        | Killed an Orb Guardian
  6358 | D        | Reached skill level 21 in Polearms
  6363 | D        | Killed an Orb Guardian
  6363 | D        | Reached skill level 19 in Evocations
  6364 | D        | Noticed an Orb Guardian
  6373 | D        | Killed an Orb Guardian
  6374 | D        | Noticed an Orb Guardian
  6385 | D        | Killed an Orb Guardian
  6388 | D        | Killed an Orb Guardian
  6388 | D        | Reached skill level 17 in Throwing
  6391 | D        | Killed an Orb Guardian
  6392 | D        | Noticed an Orb Guardian
  6397 | D        | Killed an Orb Guardian
  6398 | D        | Noticed an Orb Guardian
  6405 | D        | Killed an Orb Guardian
  6412 | D        | Killed an Orb Guardian
  6412 | D        | Reached skill level 27 in Dodging
  6418 | D        | Noticed a death cob
  6418 | D        | Noticed a shadow dragon
  6418 | D        | Noticed an Orb Guardian
  6418 | D        | Noticed an Orb Guardian
  6418 | D        | Noticed a moth of wrath
  6418 | D        | Noticed a moth of wrath
  6419 | D        | Noticed an Orb Guardian
  6424 | D        | Killed a death cob
  6424 | D        | Received a gift from Okawaru
  6432 | D        | Noticed an Orb Guardian
  6443 | D        | Killed a shadow dragon
  6443 | D        | Reached skill level 20 in Evocations
  6443 | D        | Gained mutation: You are immune to freezing clouds. [demonic ancestry]
  6443 | D        | Reached XP level 19. HP: 177/189 MP: 28/33
  6452 | D        | Killed an Orb Guardian
  6452 | D        | Reached skill level 27 in Armour
  6459 | D        | Killed an Orb Guardian
  6459 | D        | Received a gift from Okawaru
  6459 | D        | Reached skill level 22 in Polearms
  6459 | D        | Reached skill level 18 in Throwing
  6470 | D        | Killed an Orb Guardian
  6481 | D        | Killed an Orb Guardian
  6484 | D        | Killed a moth of wrath
  6486 | D        | Killed a moth of wrath
  6558 | D        | Noticed an ancient lich
  6573 | D        | Killed an ancient lich
  6573 | D        | Reached skill level 21 in Evocations
  6576 | D        | Noticed an orb of fire
  6586 | D        | Gained mutation: You have sharp toenails. [an orb of fire]
  6604 | D        | Killed an orb of fire
  6604 | D        | Reached skill level 23 in Polearms
  6604 | D        | Reached skill level 19 in Throwing
  6607 | D        | Noticed an electric golem
  6613 | D        | Killed an electric golem
  6616 | D        | Noticed a shadow dragon
  6616 | D        | Noticed an orb of fire
  6616 | D        | Noticed a Killer Klown
  6616 | D        | Noticed an Orb Guardian
  6616 | D        | Noticed a Killer Klown
  6616 | D        | Noticed an Orb Guardian
  6634 | D        | Noticed an Orb Guardian
  6635 | D        | Killed an orb of fire
  6635 | D        | Reached skill level 20 in Throwing
  6635 | D        | Reached skill level 22 in Evocations
  6644 | D        | Killed a Killer Klown
  6645 | D        | Noticed an orb of fire
  6652 | D        | Killed a shadow dragon
  6654 | D        | Noticed an Orb Guardian
  6662 | D        | Killed an Orb Guardian
  6672 | D        | Killed a Killer Klown
  6672 | D        | Received a gift from Okawaru
  6672 | D        | Reached skill level 24 in Polearms
  6672 | D        | Reached skill level 23 in Evocations
  6684 | D        | Gained mutation: Your spells are a little easier to cast, but a little less powerful. [an orb of fire]
  6697 | D        | Killed an orb of fire
  6697 | D        | Reached skill level 21 in Throwing
  6708 | D        | Killed an Orb Guardian
  6708 | D        | Received a gift from Okawaru
  6712 | D        | Killed an Orb Guardian
  6719 | D        | Killed an Orb Guardian
  6733 | D        | Noticed a moth of wrath
  6734 | D        | Noticed an Orb Guardian
  6735 | D        | Noticed an Orb Guardian
  6736 | D        | Noticed a tentacled monstrosity
  6738 | D        | Killed a moth of wrath
  6744 | D        | Killed an Orb Guardian
  6744 | D        | Reached skill level 24 in Evocations
  6748 | D        | Killed an Orb Guardian
  6748 | D        | Reached skill level 25 in Polearms
  6748 | D        | Reached skill level 22 in Throwing
  6749 | D        | Noticed an Orb Guardian
  6755 | D        | Killed a tentacled monstrosity
  6766 | D        | Killed an Orb Guardian
  6766 | D        | Received a gift from Okawaru
  6777 | D        | Noticed an Orb Guardian
  6777 | D        | Noticed an Orb Guardian
  6777 | D        | Noticed an Orb Guardian
  6777 | D        | Noticed an Orb Guardian
  6777 | D        | Noticed an Orb Guardian
  6777 | D        | Noticed an Orb Guardian
  6788 | D        | Killed an Orb Guardian
  6790 | D        | Killed an Orb Guardian
  6807 | D        | Killed an Orb Guardian
  6808 | D        | Killed an Orb Guardian
  6808 | D        | Reached skill level 25 in Evocations
  6813 | D        | Killed an Orb Guardian
  6819 | D        | Killed an Orb Guardian
  6819 | D        | Reached skill level 23 in Throwing
  6819 | D        | Reached XP level 20. HP: 184/197 MP: 36/36
  6820 | D        | Noticed a moth of wrath
  6821 | D        | Noticed an Orb Guardian
  6822 | D        | Noticed an Orb Guardian
  6823 | D        | Noticed an Orb Guardian
  6826 | D        | Killed a moth of wrath
  6827 | D        | Noticed an Orb Guardian
  6834 | D        | Killed an Orb Guardian
  6834 | D        | Reached skill level 26 in Polearms
  6843 | D        | Killed an Orb Guardian
  6850 | D        | Killed an Orb Guardian
  6853 | D        | Killed an Orb Guardian
  6854 | D        | Noticed an Orb Guardian
  6855 | D        | Noticed a moth of wrath
  6856 | D        | Noticed an Orb Guardian
  6868 | D        | Killed an Orb Guardian
  6868 | D        | Reached skill level 13 in Shields
  6877 | D        | Killed an Orb Guardian
  6878 | D        | Killed a moth of wrath
  6963 | D        | Noticed a vampire knight
  6963 | D        | Noticed a vampire knight
  6963 | D        | Noticed a lich
  6963 | D        | Noticed a lich
  6963 | D        | Noticed a vampire knight
  6963 | D        | Noticed a lich
  6968 | D        | Noticed a lich
  6978 | D        | Killed a vampire knight
  6978 | D        | Received a gift from Okawaru
  6982 | D        | Noticed a lich
  6988 | D        | Killed a lich
  6988 | D        | Reached skill level 26 in Evocations
  6989 | D        | Noticed a lich
  6995 | D        | Killed a vampire knight
  6996 | D        | Noticed a vampire knight
  7002 | D        | Killed a lich
  7002 | D        | Reached skill level 14 in Shields
  7009 | D        | Killed a lich
  7011 | D        | Killed a vampire knight
  7011 | D        | Received a gift from Okawaru
  7011 | D        | Reached skill level 24 in Throwing
  7014 | D        | Noticed a lich
  7027 | D        | Killed a lich
  7037 | D        | Killed a lich
  7051 | D        | Killed a lich
  7051 | D        | Reached skill level 27 in Polearms
  7051 | D        | Reached skill level 15 in Shields
  7059 | D        | Killed a vampire knight
  7065 | D        | Killed a lich
  7096 | D        | Noticed a spriggan baker
  7096 | D        | Noticed a spriggan baker
  7096 | D        | Noticed a spriggan baker
  7096 | D        | Noticed a spriggan baker
  7096 | D        | Noticed a spriggan baker
  7096 | D        | Noticed a spriggan baker
  7098 | D        | Killed a spriggan baker
  7099 | D        | Killed a spriggan baker
  7100 | D        | Noticed a spriggan baker
  7102 | D        | Killed a spriggan baker
  7103 | D        | Noticed a spriggan baker
  7105 | D        | Killed a spriggan baker
  7106 | D        | Killed a spriggan baker
  7107 | D        | Noticed a spriggan baker
  7108 | D        | Noticed a spriggan baker
  7109 | D        | Killed a spriggan baker
  7112 | D        | Noticed a spriggan baker
  7112 | D        | Killed a spriggan baker
  7115 | D        | Killed a spriggan baker
  7116 | D        | Killed a spriggan baker
  7118 | D        | Killed a spriggan baker
  7120 | D        | Killed a spriggan baker
  7138 | D        | Noticed a deep elf blademaster
  7138 | D        | Noticed a deep elf high priest
  7138 | D        | Noticed a deep elf high priest
  7138 | D        | Noticed a deep elf annihilator
  7138 | D        | Noticed a deep elf high priest
  7138 | D        | Noticed a deep elf death mage
  7139 | D        | Noticed a deep elf blademaster
  7143 | D        | Killed a deep elf blademaster
  7143 | D        | Reached skill level 16 in Shields
  7143 | D        | Reached skill level 27 in Evocations
  7154 | D        | Killed a deep elf annihilator
  7155 | D        | Noticed a deep elf master archer
  7156 | D        | Noticed a deep elf blademaster
  7161 | D        | Killed a deep elf blademaster
  7164 | D        | Noticed a deep elf death mage
  7166 | D        | Killed a deep elf death mage
  7166 | D        | Reached skill level 25 in Throwing
  7167 | D        | Noticed a deep elf annihilator
  7175 | D        | Noticed a deep elf high priest
  7176 | D        | Killed a deep elf blademaster
  7178 | D        | Noticed a deep elf master archer
  7182 | D        | Killed a deep elf high priest
  7183 | D        | Noticed a deep elf annihilator
  7185 | D        | Killed a deep elf high priest
  7185 | D        | Reached skill level 17 in Shields
  7191 | D        | Killed a deep elf high priest
  7196 | D        | Killed a deep elf master archer
  7203 | D        | Killed a deep elf death mage
  7207 | D        | Killed a deep elf annihilator
  7211 | D        | Killed a deep elf master archer
  7216 | D        | Killed a deep elf annihilator
  7216 | D        | Reached skill level 18 in Shields
  7220 | D        | Killed a deep elf high priest
  7235 | D        | Got an elven rune of Zot
  7264 | D        | Noticed a death ooze
  7264 | D        | Noticed an azure jelly
  7264 | D        | Noticed a death ooze
  7264 | D        | Noticed an acid blob
  7264 | D        | Noticed an azure jelly
  7267 | D        | Killed a death ooze
  7274 | D        | Killed an azure jelly
  7274 | D        | Reached skill level 26 in Throwing
  7278 | D        | Killed a death ooze
  7279 | D        | Paralysed by a giant eyeball for 3 turns
  7289 | D        | Killed an acid blob
  7300 | D        | Killed an azure jelly
  7301 | D        | Noticed a golden eye
  7303 | D        | Paralysed by a giant eyeball for 4 turns
  7310 | D        | Killed a golden eye
  7311 | D        | Noticed an azure jelly
  7312 | D        | Noticed the royal jelly
  7356 | D        | Killed an azure jelly
  7356 | D        | Reached skill level 19 in Shields
  7365 | D        | Killed the royal jelly
  7365 | D        | Received a gift from Okawaru
  7365 | D        | Reached skill level 27 in Throwing
  7365 | D        | Reached skill level 20 in Shields
  7527 | D        | Noticed an azure jelly
  7528 | D        | Noticed a death ooze
  7533 | D        | Killed an azure jelly
  7537 | D        | Killed a death ooze
  7537 | D        | Reached skill level 21 in Shields
  7538 | D        | Noticed an acid blob
  7539 | D        | Noticed an acid blob
  7540 | D        | Noticed an acid blob
  7541 | D        | Noticed an acid blob
  7546 | D        | Killed an acid blob
  7546 | D        | Received a gift from Okawaru
  7547 | D        | Noticed a death ooze
  7556 | D        | Killed an acid blob
  7558 | D        | Killed an acid blob
  7558 | D        | Reached skill level 22 in Shields
  7568 | D        | Killed an acid blob
  7568 | D        | Reached XP level 21. HP: 111/204 MP: 38/38
  7573 | D        | Killed a death ooze
  7573 | D        | Received a gift from Okawaru
  7574 | D        | Got a slimy rune of Zot
  7578 | D        | Noticed an azure jelly
  7579 | D        | Noticed an acid blob
  7587 | D        | Killed an azure jelly
  7595 | D        | Killed an acid blob
  7595 | D        | Reached skill level 23 in Shields
  7798 | D        | Noticed a sphinx
  7798 | D        | Noticed a sphinx
  7798 | D        | Noticed a sphinx
  7798 | D        | Noticed a sphinx
  7798 | D        | Noticed a sphinx
  7798 | D        | Noticed a sphinx
  7802 | D        | Killed a sphinx
  7806 | D        | Killed a sphinx
  7807 | D        | Noticed a sphinx
  7808 | D        | Noticed a sphinx
  7812 | D        | Noticed a sphinx
  7813 | D        | Killed a sphinx
  7822 | D        | Killed a sphinx
  7822 | D        | Reached skill level 24 in Shields
  7823 | D        | Noticed a sphinx
  7831 | D        | Killed a sphinx
  7839 | D        | Noticed a sphinx
  7840 | D        | Killed a sphinx
  7844 | D        | Noticed a sphinx
  7847 | D        | Killed a sphinx
  7847 | D        | Reached skill level 25 in Shields
  7851 | D        | Killed a sphinx
  7856 | D        | Killed a sphinx
  7858 | D        | Killed a sphinx
  7865 | D        | Killed a sphinx
  7865 | D        | Reached skill level 26 in Shields
  7871 | D        | Killed a sphinx
  7912 | D        | Noticed a guardian mummy
  7912 | D        | Noticed a guardian mummy
  7912 | D        | Noticed a guardian mummy
  7912 | D        | Noticed a guardian mummy
  7912 | D        | Noticed a guardian mummy
  7912 | D        | Noticed a guardian mummy
  7913 | D        | Noticed a guardian mummy
  7915 | D        | Killed a guardian mummy
  7916 | D        | Killed a guardian mummy
  7923 | D        | Killed a guardian mummy
  7926 | D        | Noticed a guardian mummy
  7926 | D        | Killed a guardian mummy
  7928 | D        | Killed a guardian mummy
  7930 | D        | Noticed a guardian mummy
  7930 | D        | Killed a guardian mummy
  7934 | D        | Killed a guardian mummy
  7937 | D        | Killed a guardian mummy
  7941 | D        | Killed a guardian mummy
  7942 | D        | Noticed a guardian mummy
  7948 | D        | Killed a guardian mummy
  7955 | D        | Noticed a mummy priest
  7955 | D        | Noticed a guardian mummy
  7955 | D        | Noticed a guardian mummy
  7955 | D        | Noticed a guardian mummy
  7955 | D        | Noticed a mummy priest
  7955 | D        | Noticed a greater mummy
  7956 | D        | Noticed a guardian mummy
  7958 | D        | Killed a mummy priest
  7958 | D        | Killed a guardian mummy
  7958 | D        | Killed a guardian mummy
  7958 | D        | Killed a mummy priest
  7959 | D        | Killed a guardian mummy
  7959 | D        | Reached skill level 27 in Shields
  7960 | D        | Noticed a guardian mummy
  7961 | D        | Noticed a guardian mummy
  7964 | D        | Killed a guardian mummy
  7964 | D        | Killed a guardian mummy
  7964 | D        | Reached skill level 1 in Stealth
  7964 | D        | Reached skill level 1 in Unarmed Combat
  7964 | D        | Reached skill level 12 in Invocations
  7966 | D        | Killed a guardian mummy
  7966 | D        | Reached skill level 1 in Maces & Flails
  7966 | D        | Reached skill level 1 in Staves
  7966 | D        | Reached skill level 1 in Spellcasting
  7971 | D        | Killed a greater mummy
  7971 | D        | Reached skill level 3 in Maces & Flails
  7971 | D        | Reached skill level 3 in Staves
  7971 | D        | Reached skill level 3 in Stealth
  7971 | D        | Reached skill level 3 in Unarmed Combat
  7971 | D        | Reached skill level 3 in Spellcasting
  8102 | D        | Noticed a guardian mummy
  8102 | D        | Noticed a mummy priest
  8102 | D        | Noticed a guardian mummy
  8102 | D        | Noticed a greater mummy
  8102 | D        | Noticed a mummy priest
  8102 | D        | Noticed a greater mummy
  8103 | D        | Noticed a guardian mummy
  8104 | D        | Killed a mummy priest
  8105 | D        | Killed a guardian mummy
  8105 | D        | Reached skill level 4 in Stealth
  8105 | D        | Killed a guardian mummy
  8106 | D        | Killed a mummy priest
  8106 | D        | Reached skill level 13 in Invocations
  8108 | D        | Killed a guardian mummy
  8108 | D        | Reached skill level 4 in Staves
  8108 | D        | Reached skill level 4 in Spellcasting
  8108 | D        | Killed a greater mummy
  8108 | D        | Reached skill level 5 in Maces & Flails
  8108 | D        | Reached skill level 5 in Staves
  8108 | D        | Reached skill level 5 in Stealth
  8108 | D        | Reached skill level 5 in Unarmed Combat
  8108 | D        | Reached skill level 5 in Spellcasting
  8110 | D        | Noticed a greater mummy
  8114 | D        | Killed a greater mummy
  8114 | D        | Reached skill level 6 in Maces & Flails
  8114 | D        | Reached skill level 6 in Staves
  8114 | D        | Reached skill level 6 in Stealth
  8114 | D        | Reached skill level 6 in Unarmed Combat
  8114 | D        | Reached skill level 6 in Spellcasting
  8114 | D        | Reached skill level 14 in Invocations
  8114 | D        | Killed a greater mummy
  8114 | D        | Received a gift from Okawaru
  8114 | D        | Reached skill level 7 in Stealth
  8116 | D        | Noticed a guardian mummy
  8122 | D        | Killed a guardian mummy
  8122 | D        | Reached skill level 7 in Staves
  8122 | D        | Reached skill level 7 in Unarmed Combat
  8134 | D        | Got a golden rune of Zot
  8306 | D        | Noticed a thrashing horror
  8306 | D        | Noticed a large abomination
  8306 | D        | Noticed a neqoxec
  8306 | D        | Noticed a raiju
  8306 | D        | Noticed a wandering mushroom
  8309 | D        | Killed a thrashing horror
  8309 | D        | Reached skill level 7 in Spellcasting
  8309 | D        | Reached skill level 15 in Invocations
  8311 | D        | Noticed a raiju
  8314 | D        | Killed a large abomination
  8314 | D        | Reached skill level 7 in Maces & Flails
  8319 | D        | Killed a neqoxec
  8323 | D        | Killed a raiju
  8327 | D        | Noticed an iron imp
  8333 | D        | Killed a wandering mushroom
  8333 | D        | Reached skill level 8 in Stealth
  8336 | D        | Killed a raiju
  8343 | D        | Killed an iron imp
  8351 | D        | Got an abyssal rune of Zot
  8871 | D        | Got the Orb of Zot
  9319 | D        | Noticed Wueptuz the pandemonium lord
  9328 | D        | Reached skill level 8 in Maces & Flails
  9328 | D        | Reached skill level 8 in Staves
  9328 | D        | Reached skill level 9 in Stealth
  9328 | D        | Reached skill level 8 in Unarmed Combat
  9328 | D        | Reached skill level 8 in Spellcasting
  9339 | D        | Killed Wueptuz the pandemonium lord
  9339 | D        | Reached skill level 16 in Invocations
  9349 | D        | Received a gift from Okawaru
  9362 | D        | Reached skill level 9 in Staves
  9390 | D        | Noticed Itilex the pandemonium lord
  9401 | D        | Killed Itilex the pandemonium lord
  9401 | D        | Reached skill level 9 in Maces & Flails
  9401 | D        | Reached skill level 10 in Stealth
  9401 | D        | Reached skill level 9 in Unarmed Combat
  9401 | D        | Reached skill level 9 in Spellcasting
  9476 | D        | Noticed Etengac the pandemonium lord
  9498 | D        | Killed Etengac the pandemonium lord
  9498 | D        | Reached skill level 17 in Invocations
  9501 | D        | Reached skill level 10 in Staves
  9508 | D        | Reached skill level 10 in Maces & Flails
  9508 | D        | Reached skill level 11 in Stealth
  9508 | D        | Reached skill level 10 in Unarmed Combat
  9508 | D        | Reached skill level 10 in Spellcasting
  9858 | D        | Reached skill level 18 in Invocations
  9970 | D        | Reached skill level 11 in Staves
  9970 | D        | Reached skill level 12 in Stealth
  9970 | D        | Reached skill level 11 in Unarmed Combat
  9970 | D        | Reached skill level 11 in Spellcasting
  9994 | D        | Reached skill level 11 in Maces & Flails
 10213 | D        | Gained mutation: You have a pair of large antennae on your head (SInv). [demonic ancestry]
 10213 | D        | Reached XP level 22. HP: 212/212 MP: 32/39
 10281 | D        | Gained mutation: Your magical capacity is low (-10% MP). [a neqoxec]
 10290 | D        | Received a gift from Okawaru
 10290 | D        | Reached skill level 19 in Invocations
 10320 | D        | Reached skill level 13 in Stealth
 10344 | D        | Reached skill level 12 in Unarmed Combat
 10344 | D        | Reached skill level 12 in Spellcasting
 10348 | D        | Reached skill level 12 in Staves
 10400 | D        | Reached skill level 12 in Maces & Flails
 10491 | D        | Noticed Yluvvogu the pandemonium lord
 10510 | D        | Killed Yluvvogu the pandemonium lord
 10574 | D        | Reached skill level 20 in Invocations
 10594 | D        | Reached skill level 14 in Stealth
 10594 | D        | Reached skill level 13 in Unarmed Combat
 10594 | D        | Reached skill level 13 in Spellcasting
 10610 | D        | Reached skill level 13 in Staves
 10661 | D        | Reached skill level 13 in Maces & Flails
 10745 | D        | Noticed Juutsaor the pandemonium lord
 10768 | D        | Killed Juutsaor the pandemonium lord
 10837 | D        | Noticed Ysuyw the pandemonium lord
 10860 | D        | Killed Ysuyw the pandemonium lord
 10860 | D        | Reached skill level 15 in Stealth
 10860 | D        | Reached skill level 21 in Invocations
 10860 | D        | HP: 52/212 [Brimstone Fiend/blast of hellfire[Ysuyw] (38)]
 10868 | D        | Reached skill level 14 in Staves
 10868 | D        | Reached skill level 14 in Unarmed Combat
 10868 | D        | Reached skill level 14 in Spellcasting
 10974 | D        | Escaped with the Orb!

Vault maps used:
D:        linesprint

Action                   |  1- 3 |  4- 6 |  7- 9 | 10-12 | 13-15 | 16-18 | 19-21 | 22-24 || total
-------------------------+-------+-------+-------+-------+-------+-------+-------+-------++-------
Melee: Trident           |    23 |    18 |       |       |       |       |       |       ||    41
       Halberd           |       |    25 |   106 |    56 |       |       |       |       ||   187
       Glaive            |       |       |       |   268 |       |       |       |       ||   268
       Demon trident     |       |       |       |       |   607 |  1057 |   990 |   273 ||  2927
Throw: Javelin           |       |       |       |     1 |       |     8 |    27 |     2 ||    38
Invok: Heroism           |       |     1 |     2 |     5 |    11 |    11 |    14 |     2 ||    46
       Finesse           |       |       |       |     3 |     3 |     9 |    14 |     2 ||    31
Evoke: Wand              |       |     1 |     1 |       |       |     5 |     6 |       ||    13
  Use: Potion            |     1 |       |       |       |       |       |     2 |     6 ||     9
       Scroll            |       |       |       |     1 |     3 |     6 |     1 |       ||    11
 Stab: Distracted        |       |       |       |       |     2 |     1 |       |     1 ||     4
       Sleeping          |       |       |       |       |       |     1 |     2 |       ||     3
  Eat: Chunk             |       |       |     2 |     6 |     8 |     3 |     4 |       ||    23
       Bread ration      |       |       |       |       |     2 |     2 |     4 |     1 ||     9

Vault maps used:
D:        linesprint

Table legend:
 A = Turns spent in this place as a percentage of turns spent in the entire game.
 B = Non-inter-level travel turns spent in this place as a percentage of non-inter-level travel turns spent in the entire game.
 C = Inter-level travel turns spent in this place as a percentage of turns spent in this place.
 D = Turns resting spent in this place as a percentage of non-inter-level travel turns spent in this place.
 E = Turns spent auto-exploring this place as a percentage of non-inter-level travel turns spent in this place.
 F = Non-inter-level travel turns spent in this place divided by the number of levels of this place that you've seen.
                   A       B       C       D       E      F
               +-------+-------+-------+-------+-------+----------------------
         Total | 100.0 | 100.0 |   1.3 |   0.8 |   0.3 | 7091.0
       Dungeon | 100.0 | 100.0 |   1.3 |   0.8 |   0.3 | 7091.0
               +-------+-------+-------+-------+-------+----------------------

Table legend:
 A = Kills in this place as a percentage of kills in entire the game.
 B = Kills by you in this place as a percentage of kills by you in the entire game.
 C = Kills by friends in this place as a percentage of kills by friends in the entire game.
 D = Other kills in this place as a percentage of other kills in the entire game.
 E = Experience gained in this place as a percentage of experience gained in the entire game.
 F = Experience gained in this place divided by the number of levels of this place that you have seen.
                   A       B       C       D       E      F
               +-------+-------+-------+-------+-------+----------------------
         Total | 100.0 | 100.0 |  -nan | 100.0 | 100.0 | 752946.0
       Dungeon | 100.0 | 100.0 |  -nan | 100.0 | 100.0 | 752946.0
               +-------+-------+-------+-------+-------+----------------------
